 Dungeon Crawl Stone Soup version 0.25-a0-190-g27fffb8c76 (webtiles) character file.

Game seed: 351543414404590727, levelgen mode: deterministic

224 Gargoyl the Skirmisher (level 5, 0/46 HPs)
             Began as a Centaur Abyssal Knight on Nov 30, 2019.
             Was a Believer of Lugonu.
             Slain by an orc warrior
             ... wielding a +0 battleaxe
              (18 damage)
             ... on level 3 of the Dungeon.
             The game lasted 00:05:46 (2577 turns).

Gargoyl the Skirmisher (Centaur Abyssal Knight)     Turns: 2577, Time: 00:05:46

Health: 0/46       AC:  8    Str: 14    XL:     5   Next: 67%
Magic:  16/16      EV:  8    Int: 11    God:    Lugonu [**....]
Gold:   255        SH:  3    Dex: 10    Spells: 4/4 levels left

rFire    . . .     SeeInvis .   a - +2 hand axe (venom)
rCold    . . .     Gourm    .   t - +0 buckler
rNeg     . . .     Faith    .   g - +1 troll leather armour
rPois    .         Spirit   .   e - +0 helmet
rElec    .         Reflect  .   n - +0 cloak
rCorr    .         Harm     .   (no gloves)
MR       .....                  (no barding)
Stlth    ..........             y - amulet of rage
HPRegen  0.55/turn              m - ring of magical power
MPRegen  0.15/turn              (no ring)

@: very quick
A: large, hooves 3, deformed body, speed 2, tough skin 3
a: Depart the Abyss, Bend Space, Renounce Religion, Evoke Berserk Rage


You were on level 3 of the Dungeon.
You worshipped Lugonu.
Lugonu was pleased with you.
You were not hungry.

You visited 1 branch of the dungeon, and saw 3 of its levels.
You visited the Abyss 1 time.

You collected 255 gold pieces.

Inventory:

Hand Weapons
 a - a +2 hand axe of venom (weapon)
Armour
 e - a +0 helmet (worn)
 g - a +1 troll leather armour (worn)
 h - a +2 scale mail of cold resistance
 n - a +0 cloak (worn)
 t - a +0 buckler (worn)
Jewellery
 m - a ring of magical power (left hand)
 s - an uncursed ring of ice {unknown}
 y - an amulet of rage (around neck)
Wands
 d - a wand of polymorph (7)
 w - a wand of acid (11)
Scrolls
 b - a scroll of fear
 r - 4 scrolls of remove curse
 u - a scroll of blinking
Potions
 i - a potion of invisibility {unknown}
 j - a potion of brilliance {unknown}
 k - 2 potions of haste {unknown}
 l - 2 potions of agility {unknown}
 o - a potion of lignification {unknown}
 p - a potion of ambrosia {unknown}
 q - 3 potions of curing {unknown}
 x - 2 potions of heal wounds {unknown}
 z - 2 potions of flight {unknown}
Miscellaneous
 f - a sack of spiders
Comestibles
 c - 5 rations
 v - 8 chunks of flesh


   Skills:
 + Level 3.8 Fighting
 + Level 3.4 Axes
 * Level 2.2 Armour
 * Level 1.6 Dodging
 * Level 3.0 Invocations


You had 4 spell levels left.
You didn't know any spells.
Your spell library was empty.

Dungeon Overview and Level Annotations

Branches:
Dungeon (3/15)

Altars:
Gozag
Hepliaklqana
Kikubaaqudgha
Makhleb
Uskayaw
The Shining One


Innate Abilities, Weirdness & Mutations

You have hooves in place of feet.
Armour fits poorly on your strangely shaped body.
You cover ground very quickly.
You have extremely tough skin. (AC +3)


Message History

The orc warrior shouts!
The orc wizard shouts!
You closely miss the orc. The orc hits you.
You hit the orc but do no damage. Your kick misses the orc.
You closely miss the orc warrior. Your kick misses the orc warrior.
You hit the orc warrior but do no damage.
The orc warrior is poisoned.
The orc warrior hits you with a +0 battleaxe!!
You completely miss the orc warrior. The orc warrior barely misses you.
You barely miss the orc warrior.
The orc warrior is lightly wounded.
The orc warrior hits you with a +0 battleaxe!
You hit the orc warrior but do no damage.
The orc warrior is lightly wounded.
You block the orc warrior's attack.
You closely miss the orc warrior.
You kick the orc warrior, but do no damage.
The orc warrior is moderately wounded.
The orc warrior hits you with a +0 battleaxe!!
You die...

.## #.......# #.##.###.# # .#
#.##.##.# #.##.# #.# .# #......<#
#.##.# #.# +## #....#..# #.##.#
#.# # ..## #...##..# #.##.# #.#
## ...## #.†.....# #.##.# #.###.
....## #.......# #.##.###.##..
.....####...#########........#...
(....'.......ooo@............'...
.....####...###########...####...
....## ##..# #####.## ##.. ...##
##.## ##...#.# ##. ..## #..#
##.###..# ## '## ##(# #.#####[# #
.# #.# #.##....# .# #.# #.##.##.#
.## #.# ##.#.#.### #


You could see an orc warrior, an orc wizard and an orc.

Vanquished Creatures
  3 orc wizards
  2 worker ants
  2 oozes
  2 worms
  3 dart slugs
  7 leopard geckos
  2 orcs (D:3)
  A ball python (D:3)
  2 giant cockroaches
  4 goblins
  8 hobgoblins
  7 jackals
  5 bats
  6 frilled lizards
  6 kobolds
  10 rats
70 creatures vanquished.

Notes
Turn   | Place    | Note
-------+----------+-------------------------------------------
     0 | Abyss:1  | Gargoyl the Centaur Abyssal Knight began the quest for the
                  | Orb.
     0 | Abyss:1  | Reached XP level 1. HP: 19/19 MP: 2/2
    32 | Abyss:1  | Found a corrupted altar of Lugonu.
   168 | Abyss:3  | Noticed a flying skull
   169 | Abyss:3  | Noticed a flying skull
   170 | Abyss:3  | Noticed a flying skull
   172 | Abyss:3  | Noticed a flying skull
   209 | Abyss:4  | Noticed a large abomination
   215 | Abyss:5  | Entered Level 5 of the Abyss
   224 | Abyss:5  | Noticed an Executioner
   225 | D:1      | Escaped the Abyss
   377 | D:1      | Reached * piety under Lugonu
   462 | D:1      | Reached XP level 2. HP: 26/26 MP: 3/3
   624 | D:1      | Reached skill level 1 in Dodging
  1028 | D:1      | Reached XP level 3. HP: 31/31 MP: 4/4
  1355 | D:2      | Found a hide-covered altar of Uskayaw.
  1544 | D:2      | Reached XP level 4. HP: 17/39 MP: 5/5
  1807 | D:3      | Reached XP level 5. HP: 29/46 MP: 5/7
  1925 | D:3      | Found an opulent altar of Gozag.
  1926 | D:3      | Found a glowing golden altar of the Shining One.
  1928 | D:3      | Found an ancient bone altar of Kikubaaqudgha.
  1955 | D:3      | Found a hazy altar of Hepliaklqana.
  1955 | D:3      | Found a burning altar of Makhleb.
  1980 | D:3      | Reached ** piety under Lugonu
  2330 | D:3      | Noticed an orc warrior
  2577 | D:3      | Slain by an orc warrior

Levels and vault maps discovered:
D:1:      kilobyte_arrival_exit_the_forest, layout_loops_cross
D:2:      layout_basic, lemuel_round_altar, minmay_nonomino_d4
D:3:      layout_loops_corners, minitemple, gammafunk_temple_overflow_wave,
          first_ration

Skill      XL: |  1  2  3  4  5 |
---------------+----------------+-----
Dodging        | 1 |  1.6
Axes           | 2 3 |  3.4
Armour         | 2 |  2.2
Invocations    | 3 |  3.0
Fighting       | |  3.8

Action                   |  1- 3 |  4- 6 || total
-------------------------+-------+-------++-------
Melee: Hand axe          |    83 |    75 ||   158
       Kick              |    14 |    12 ||    26
Invok: Depart the Abyss  |     1 |       ||     1
  Use: Scroll            |     2 |    10 ||    12
  Eat: Chunk             |     1 |     3 ||     4
Armor: Troll leather arm |    47 |    29 ||    76
       Skin              |     1 |       ||     1
Dodge: Dodged            |    45 |    29 ||    74
Block: Buckler           |       |     4 ||     4

Table legend:
 A = Non-vault XP
 B = Vault XP
 C = Vault XP percentage of total XP
 D = Non-vault monster count
 E = Vault monster count
 F = Vault count percentage of total count
                 A         B        C        D         E       F
            +---------+---------+-------+---------+---------+-------
      Total |     310 |      11 |   3.4 |      65 |       5 |   7.1
            +---------+---------+-------+---------+---------+-------
        D:1 |      42 |       0 |   0.0 |      20 |       0 |   0.0
        D:2 |     106 |      11 |   9.4 |      18 |       5 |  21.7
        D:3 |     162 |       0 |   0.0 |      27 |       0 |   0.0
            +---------+---------+-------+---------+---------+-------
